 Dungeon Crawl Stone Soup version 0.31-a0-636-ge1c0e020e0 (webtiles) character file.

Game seed: 6902147436770310838

200654 RepHenryClay the Impregnable (level 18, -5/174 (184) HPs)
             Began as a Minotaur Cinder Acolyte on Aug 27, 2023.
             Was the Champion of Okawaru.
             Killed from afar by a lich (41 damage)
             ... with a bolt of cold
             ... on level 3 of the Abyss.
             The game lasted 01:03:23 (27110 turns).

RepHenryClay the Impregnable (MiCA)                Turns: 27110, Time: 01:03:24

HP:   -5/174 (184)  AC: 31    Str: 19    XL:     18   Next: 27%
MP:   23/24         EV: 13    Int: 11    God:    Okawaru [******]
Gold: 1412          SH:  7    Dex: 12    Spells: 19/19 levels left

rFire   . . .        a - +8 eveningstar of Mumua {vamp, Drain rPois rF+ Stlth+}
rCold   . . .        H - +0 buckler
rNeg    + . .        f - +0 plate armour
rPois   +            (helmet restricted)
rElec   +            y - +0 cloak
rCorr   .            M - +2 pair of gloves {hurl}
SInv    +            N - +1 pair of boots
Will    +....        l - amulet of regeneration Stlth
                     b - ring "Hilluut" {rElec rF+ Dex+6}
HPRegen 1.29/turn    D - ring of Miwisim {Fly rPois rN+ SInv}
MPRegen 0.19/turn

%: no passive effects
@: about to teleport, heroic, flying, slowed, drained, very slow
A: horns 2, retaliatory headbutt, [clumsy 2], [weak 2], [heat vulnerability 2],
[subdued magic 2], [inability to read after injury 2]
a: Renounce Religion, Heroism, Finesse, Duel


You were on level 3 of the Abyss.
You worshipped Okawaru.
Okawaru was exalted by your worship.
You visited 4 branches of the dungeon, and saw 25 of its levels.
You visited the Abyss 1 time.
You also visited: Bailey, Ice Cave and Volcano.

You collected 3903 gold pieces.
You spent 2491 gold pieces at shops.

Inventory:

Hand Weapons
 a - the +8 eveningstar of Mumua (weapon) {vamp, Drain rPois rF+ Stlth+}
   (You bought it in a shop on level 2 of the Orcish Mines)

   rF+:       It protects you from fire.
   rPois:     It protects you from poison Drain: It drains your maximum health
   when unequipped.
   Stlth+:    It makes you more stealthy.
 n - the +10 flail of Kamus {flame, rF+++ Str+6 Int-3}
   (You found it on level 10 of the Dungeon)

   Str+6:     It affects your strength (+6).
   Int-3:     It affects your intelligence (-3).
   rF+++:     It renders you almost immune to fire.
 x - the +6 great mace "Eviscerator" {vamp, *Rage +Blink rElec Int+3}
   (Okawaru gifted it to you on level 2 of the Lair of Beasts)

   Int+3:     It affects your intelligence (+3).
   rElec:     It insulates you from electricity.
   +Blink:    It lets you blink.
   *Rage:     It berserks you when you make melee attacks (+20% chance).
Missiles
 o - 6 curare-tipped darts
 q - 49 poisoned darts
 K - 3 throwing nets
 O - 4 datura-tipped darts
Armour
 f - a +0 plate armour (worn)
 y - a +0 cloak (worn)
 z - a +1 hat
 H - a +0 buckler (worn)
 M - a +2 pair of gloves of hurling (worn)
 N - a +1 pair of boots (worn)
Jewellery
 b - the ring "Hilluut" (left hand) {rElec rF+ Dex+6}
   (You bought it in a shop on level 2 of the Orcish Mines)

   [ring of dexterity]

   Dex+6:     It affects your dexterity (+6).
   rF+:       It protects you from fire.
   rElec:     It insulates you from electricity.
 e - a +4 ring of protection
 g - a ring of protection from fire
 l - an amulet of regeneration (around neck)
 D - the ring of Miwisim (right hand) {Fly rPois rN+ SInv}
   (You found it on level 6 of the Dungeon)

   [ring of poison resistance]

   rPois:     It protects you from poison rN+: It protects you from negative
   energy.
   SInv:      It lets you see invisible.
   Fly:       It grants you flight.
 G - a +6 ring of intelligence
 J - a +6 ring of intelligence
 L - a ring of resist corrosion
 X - the ring "Galocun" {Will+ Str+2 Int+2 Dex+3}
   (You bought it in a shop on level 3 of the Elven Halls)

   [ring of willpower]

   Str+2:     It affects your strength (+2).
   Int+2:     It affects your intelligence (+2).
   Dex+3:     It affects your dexterity (+3).
   Will+:     It increases your willpower.
 Y - a ring of willpower
Wands
 c - a wand of light (12)
 A - a wand of iceblast (11)
 F - a wand of paralysis (21)
 W - a wand of mindburst (7)
Scrolls
 h - 4 scrolls of fog
 k - 5 scrolls of teleportation
 r - 8 scrolls of amnesia
 s - 3 scrolls of fear
 t - a scroll of brand weapon
 v - 4 scrolls of enchant armour
 E - 7 scrolls of identify {@r1}
 R - 4 scrolls of enchant weapon
 T - 2 scrolls of immolation
 U - a scroll of silence
 V - 2 scrolls of blinking
 Z - a scroll of revelation
Potions
 d - 3 potions of mutation
 i - 11 potions of curing
 j - 4 potions of degeneration
 m - 4 potions of cancellation
 p - 8 potions of lignification
 u - 7 potions of enlightenment
 w - a potion of attraction
 B - a potion of might
 C - 2 potions of resistance
 I - 3 potions of haste
 P - a potion of ambrosia
 Q - 2 potions of magic
 S - a potion of invisibility


   Skills:
 * Level 21.9(26.9) Fighting
 - Level 16.0(21.0) Maces & Flails
 - Level 22.0(27) Armour
 + Level 13.3(18.3) Dodging
 - Level 7.0(12.0) Shields
 - Level 1.0 Spellcasting
 - Level 2.1 Fire Magic
 - Level 10.0 Invocations


You had 19 spell levels left.
You didn't know any spells.
Your spell library contained the following spells:

 Spells                   Type           Power      Damage    Failure   Level
 Scorch                   Fire           6%         2d5       63%         2
 Freeze                   Ice            0%         1d3       80%         1
 Sting                    Tmut/Pois      0%         1d3       80%         1
 Blink                    Tloc           0%         N/A       91%         2
 Lesser Beckoning         Tloc           0%         N/A       91%         2
 Momentum Strike          Conj/Tloc      0%         3d8       91%         2
 Poisonous Vapours        Pois/Air       0%         N/A       91%         2
 Volatile Blastmotes      Fire/Tloc      2%         2d10      95%         3
 Frozen Ramparts          Ice            0%         1d1       99%         3
 Gell's Gravitas          Tloc           0%         N/A       99%         3
 Hailstorm                Conj/Ice       0%         3d3       99%         3
 Mephitic Cloud           Conj/Pois/Air  0%         N/A       99%         3
 Portal Projectile        Hex/Tloc       0%         N/A       99%         3
 Teleport Other           Tloc           0%         N/A       99%         3
 Iskenderun's Mystic Bla  Conj/Tloc      0%         2d3       100%        4
 Leda's Liquefaction      Hex/Erth       0%         N/A       100%        4
 Manifold Assault         Tloc           0%         N/A       100%        4
 Freezing Cloud           Conj/Ice/Air   0%         6-21      100%        5
 Lee's Rapid Deconstruct  Erth           0%         3d4*      100%        5
 Dispersal                Tloc           0%         N/A       100%        6
 Leda's Unmaking          Conj/Erth      0%         9d1       100%        6
 Chain Lightning          Conj/Air       0%         N/A       100%        9
 Fire Storm               Conj/Fire      0%         6d1       100%        9
 Shatter                  Erth           0%         3d5*      100%        9
 Tukima's Dance           Hex            Unusable   N/A       N/A         3
 Summon Ice Beast         Ice/Summ       Unusable   N/A       N/A         4
 Summon Mana Viper        Hex/Summ       Unusable   N/A       N/A         5
 Monstrous Menagerie      Summ           Unusable   N/A       N/A         7

Dungeon Overview and Level Annotations

Branches:
Dungeon (15/15)            Temple (0/1) D:5            Lair (5/5) D:10
 Shoals (0/4) Lair:3       Spider (0/4) Lair:3        Slime (0/5) Lair:5
    Orc (2/2) D:9             Elf (3/3) Orc:2        Vaults (0/5) D:14
 Depths (0/4) D:15         Bailey (visited)           IceCv (visited)
Volcano (visited)

Altars:
Ashenzari
Elyvilon
Fedhas
Gozag
Hepliaklqana
Kikubaaqudgha
Nemelex Xobeh
Okawaru
Qazlal
Sif Muna
Uskayaw
Wu Jian
Xom
The Shining One

Shops:
D:1 ?   D:3 *   D:5 :   D:12 (   Orc:2 *:[(   Elf:1 =:=   Elf:3 =

Portals:
Trove: D:10 (give 2 scrolls of acquirement)

Annotations:
D:15 Roxanne
Orc:2 good ring


Innate Abilities, Weirdness & Mutations

You have a pair of horns on your head.
You reflexively headbutt those who attack you in melee.
[You are very clumsy. (Dex -4)]
[You are very weak. (Str -4)]
[You are very vulnerable to heat. (rF--)]
[Your spells are easier to cast, but less powerful.]
[You sometimes lose the ability to read scrolls when taking damage.]


Message History

* * * LOW HITPOINT WARNING * * *
The Executioner hits you.
* * * LOW HITPOINT WARNING * * *
The Executioner closely misses you.
The lich points at you and mumbles some strange words.
You feel yourself slow down. The Executioner completely misses you.
The Executioner hits you but does no damage. x2
Damage: -2%(-2hp) hp: 28%(48hp) Unknown command.
You beat the Executioner like a drum!!!
You kill the Executioner!
Okawaru accepts your kill. The lich touches you.
* * * LOW HITPOINT WARNING * * *
A tentacle flies out from the starspawn's body!
The ufetubus closely misses you.
The ufetubus hits you but does no damage.
The lich launches a ball of destructive magic.
The wavering orb of destruction weakly hits you!
* * * LOW HITPOINT WARNING * * *
The ufetubus misses you. You furiously retaliate!
You headbutt the ufetubus!
You kill the ufetubus!
The ufetubus disappears in a puff of smoke!
The ynoxinul gestures.
A starspawn tentacle comes into view.
Huge Dmg: -9%(-15hp) hp: 19%(33hp)
You barely miss the lich.
You headbutt the lich, but do no damage.
You block the ufetubus's attack. x2
The lich touches you but does no damage.
The ufetubus closely misses you. You furiously retaliate!
You headbutt the ufetubus!
You kill the ufetubus!
The ufetubus disappears in a puff of smoke!
The lich touches you but does no damage.
You closely miss the lich.
You block the starspawn tentacle's attack.
The lich casts a spell at you. The bolt of cold hits you!!!
You die...

#.## ..# ....#
#........ ..... ##
#.......###### ........
#......X##...##...##.#.
#.#..w#................
...... ....X.§........
####### ##.X3\.§5......
#..5*w#5...... ..
##@L.# .. # ..#########
......... ..# .... #
.... .. .. . . .
..#...#... .. .... ...
.. ... .. .. . ..#. # #
. ... ... #.### .#..##
.#.#


You could see a tentacled starspawn, a lich (fast, invisible), a wretched star,
a large abomination, a ynoxinul, a starspawn tentacle and 3 ufetubi.

Vanquished Creatures
  3 deep elf blademasters
  2 deep elf master archers (Elf:3)
  An Executioner (Abyss:3)
  A tentacled starspawn (Abyss:2)
  Kirke (D:12)
  5 deep elf sorcerers
  3 orc warlords
  7 deep elf elementalists (Elf:3)
  A stone giant (D:15)
  2 deep elf demonologists (Elf:3)
  4 deep elf annihilators
  Nessos (D:14)
  A dire elephant (Lair:5)
  Azrael (D:14)
  Snorg (D:10)
  An ettin (Orc:1)
  6 deep elf death magi
  A deep elf high priest (Elf:3)
  Josephine (Orc:1)
  8 vault guards (D:14)
  9 hydras
  7 centaur warriors
  A boulder beetle (D:15)
  2 catoblepae
  A death knight (D:15)
  27 dancing weapons
  8 two-headed ogres
  2 tengu warriors (D:15)
  12 death yaks
  A hell hog (Volcano)
  5 orc high priests
  12 deep elf knights
  Amaemon (D:11)
  A fire crab (Lair:2)
  5 skeletal warriors (D:13)
  4 skysharks
  11 deep elf archers
  3 wizards
  4 orc knights
  24 deep elf zephyrmancers
  22 deep elf pyromancers
  2 oklob plants
  7 orc sorcerers
  4 manticores
  24 ugly things
  A cyclops (Orc:2)
  A salamander (Volcano)
  3 elephants (Lair:2)
  3 torpor snails
  3 gargoyles
  An orange demon (D:11)
  15 cane toads
  An unseen horror (D:10)
  7 black mambas
  Jeremiah (D:6)
  3 kobold demonologists
  13 komodo dragons
  5 rime drakes
  An efreet (D:15)
  A queen bee (shapeshifter) (Elf:2)
  10 trolls
  16 polar bears
  2 burning bushes (Lair:3)
  2 raiju (Lair:5)
  22 blink frogs
  A wind drake (Lair:3)
  3 dream sheep (Lair:3)
  A jumping spider (Lair:3)
  Sigmund (D:5)
  12 slime creatures
  A ynoxinul (Abyss:2)
  A shadow (D:13)
  2 water elementals
  A culicivora (shapeshifter) (Elf:3)
  11 wraiths
  Eustachio (D:6)
  4 fire bats
  4 large abominations
  An air elemental (Elf:1)
  3 hogs (D:12)
  37 yaks
  20 fire elementals
  9 wyverns
  2 redbacks (Lair:3)
  12 vampire mosquitoes
  2 starcursed masses (Abyss:2)
  4 steam dragons
  6 basilisks
  10 wargs
  A death yak simulacrum (IceCv)
  2 acid dragons (D:11)
  16 water moccasins
  Duvessa (D:5)
  20 hell hounds
  2 sky beasts
  36 orc warriors
  12 black bears
  2 ice beasts
  5 ogres
  53 wolves
  4 boggarts
  A small abomination (Abyss:2)
  13 centaurs
  3 kobold brigands
  19 bullfrogs
  Blork the orc (D:6)
  2 cane toad simulacra (IceCv)
  5 gnoll sergeants
  2 scorpions
  13 wights
  Dowan (D:5)
  5 killer bees
  2 elephant simulacra (IceCv)
  5 howler monkeys
  4 electric eels
  3 hounds
  4 jellies
  13 orc priests
  2 gnoll boudas
  A sleepcap (D:4)
  Jessica (D:2)
  2 iguanas
  17 orc wizards
  2 spriggan simulacra (IceCv)
  Robin (D:2)
  41 gnolls
  6 adders
  2 shadow imps
  A white imp (D:5)
  An ufetubus (IceCv)
  A dart slug (D:4)
  4 worms
  65 orcs
  9 ball pythons
  7 endoplasms
  3 giant cockroaches
  38 goblins
  19 hobgoblins
  18 kobolds
  2 quokkas (D:5)
  7 bats
  2 frilled lizards
  4 rats
  A starspawn tentacle (Abyss:3)
1017 creatures vanquished.

Vanquished Creatures (others)
  2 deep elf zephyrmancers
  A water elemental (Elf:3)
  2 kobolds (D:7)
  9 foxfires (D:6)
  5 starspawn tentacles
19 creatures vanquished.

Grand Total: 1036 creatures vanquished

Notes
Turn   | Place    | Note
-------+----------+-------------------------------------------
     0 | D:1      | RepHenryClay the Minotaur Cinder Acolyte began the quest
                  | for the Orb.
     0 | D:1      | Reached XP level 1. HP: 19/19 MP: 1/1
     6 | D:1      | Noticed a water moccasin
     6 | D:1      | Noticed a scorpion
     6 | D:1      | Noticed a polar bear
     7 | D:1      | Noticed a lindwurm
     7 | D:1      | Noticed a swamp drake
   284 | D:1      | Reached XP level 2. HP: 23/26 MP: 2/2
   328 | D:1      | Found Kianet's Magic Scroll Shop.
   647 | D:2      | Noticed Jessica
   653 | D:2      | Killed Jessica
   654 | D:2      | Reached skill level 5 in Maces & Flails
   654 | D:2      | Reached skill level 1 in Armour
   654 | D:2      | Reached XP level 3. HP: 27/31 MP: 3/3
   738 | D:2      | Reached skill level 2 in Armour
   812 | D:2      | Reached XP level 4. HP: 36/39 MP: 4/4
   863 | D:2      | Found a blossoming altar of Fedhas.
  1638 | D:3      | Noticed Robin
  1638 | D:3      | Found a faded altar of an unknown god.
  1658 | D:2      | Killed Robin
  1811 | D:3      | Reached skill level 3 in Armour
  1811 | D:3      | Reached XP level 5. HP: 42/45 MP: 5/5
  1965 | D:3      | Reached skill level 4 in Armour
  2103 | D:3      | Found Gozag's Platinum Reserve.
  2107 | D:3      | Found an opulent altar of Gozag.
  2496 | D:3      | Reached XP level 6. HP: 10/51 MP: 6/6
  2627 | D:4      | Reached skill level 5 in Armour
  2690 | D:4      | Found a sparkling altar of Nemelex Xobeh.
  2791 | D:4      | Reached XP level 7. HP: 57/57 MP: 7/7
  2797 | D:4      | Found an iron altar of Okawaru.
  3001 | D:4      | Reached skill level 6 in Armour
  3257 | D:5      | Entered Level 5 of the Dungeon
  3257 | D:5      | Noticed Duvessa
  3257 | D:5      | Noticed Dowan
  3270 | D:5      | Killed Duvessa
  3313 | D:5      | Killed Dowan
  3436 | D:5      | Noticed Sigmund
  3446 | D:5      | Killed Sigmund
  3447 | D:5      | Reached skill level 7 in Armour
  3474 | D:5      | Found Zehishrus's Book Shoppe.
  3474 | D:5      | Noticed a walking crystal tome
  3475 | D:5      | Noticed a walking earthen tome
  3485 | D:5      | Reached XP level 8. HP: 64/64 MP: 8/8
  3603 | D:5      | Reached skill level 8 in Armour
  3631 | D:5      | Found an ornate altar of the Wu Jian Council.
  3658 | D:5      | Found a staircase to the Ecumenical Temple.
  3707 | D:5      | Found a stormy altar of Qazlal.
  3939 | D:6      | Noticed Jeremiah
  4252 | D:6      | Killed Jeremiah
  4253 | D:6      | Reached skill level 10 in Maces & Flails
  4379 | D:6      | Identified the +0 scale mail of Hide-and-Seek {Str+5}
  4380 | D:6      | Reached skill level 9 in Armour
  4424 | D:6      | Noticed Eustachio
  4427 | D:6      | Found a shimmering blue altar of Sif Muna.
  4437 | D:6      | Killed Eustachio
  4438 | D:6      | Reached XP level 9. HP: 69/70 MP: 9/9
  4453 | D:6      | Noticed Blork the orc
  4459 | D:6      | Killed Blork the orc
  4575 | D:6      | Reached skill level 10 in Armour
  4801 | D:6      | Identified the ring of Miwisim {Fly rPois rN+ SInv}
  5396 | D:7      | Reached skill level 11 in Armour
  5641 | D:7      | Found a blossoming altar of Fedhas.
  6178 | D:8      | Identified the +2 robe of Relativism {rF+ Regen+ Int+2}
  6428 | D:8      | Reached XP level 10. HP: 28/77 MP: 10/10
  6433 | D:8      | Found a flagged portal.
  6445 | Bailey   | Entered a bailey
  6526 | Bailey   | Reached skill level 12 in Armour
  6770 | Bailey   | Noticed an orc warlord
  6965 | Bailey   | Killed an orc warlord
  7091 | D:8      | Noticed a two-headed ogre
  7104 | D:8      | Killed a two-headed ogre
  7105 | D:8      | Reached skill level 13 in Armour
  7505 | D:9      | Noticed a two-headed ogre
  7515 | D:8      | Killed a two-headed ogre
  7663 | D:9      | Reached XP level 11. HP: 102/102 MP: 11/11
  7664 | D:9      | Reached skill level 15 in Armour
  7664 | D:9      | Reached XP level 12. HP: 113/113 MP: 12/12
  7720 | D:9      | Reached skill level 1 in Dodging
  7939 | D:9      | Reached XP level 13. HP: 107/117 MP: 13/13
  8106 | D:9      | Identified the +0 ring mail of the Two of Swords {rCorr
                  | Stlth+}
  8186 | D:9      | Found a broken altar of Ashenzari.
  8309 | D:9      | Found a staircase to the Orcish Mines.
  8556 | D:10     | Entered Level 10 of the Dungeon
  8708 | D:10     | Found a portal to a secret trove of treasure.
  8727 | D:10     | Identified the +10 flail of Kamus {flame, rF+++ Str+6
                  | Int-3}
  8774 | D:10     | Reached skill level 5 in Dodging
  8803 | D:10     | Found a staircase to the Lair.
  8977 | D:10     | Found a hazy altar of Hepliaklqana.
  9031 | D:10     | Noticed Snorg
  9126 | D:10     | Killed Snorg
  9192 | D:10     | Found an ancient bone altar of Kikubaaqudgha.
  9785 | D:11     | Found a shimmering altar of Xom.
  9790 | D:11     | Noticed Amaemon
  9811 | D:11     | Killed Amaemon
 10314 | D:12     | Found Fudu's Antique Weapon Shoppe.
 10347 | D:12     | Reached skill level 16 in Armour
 10458 | D:12     | Got the Volume of Distorted Intoxication
 10539 | D:12     | Noticed Kirke
 10558 | D:12     | Killed Kirke
 11059 | Orc:1    | Entered Level 1 of the Orcish Mines
 11178 | Orc:1    | Found a dark tunnel.
 11192 | Volcano  | Entered a volcano
 11475 | Volcano  | Reached skill level 17 in Armour
 11787 | Orc:2    | Entered Level 2 of the Orcish Mines
 11787 | Orc:2    | Noticed Josephine
 11787 | Orc:2    | Found a staircase to the Elven Halls.
 11798 | Orc:1    | Killed Josephine
 11799 | Orc:1    | Reached skill level 15 in Fighting
 11838 | Orc:2    | Noticed an orc warlord
 11856 | Orc:1    | Killed an orc warlord
 11863 | Orc:2    | Noticed an ettin
 11868 | Orc:2    | Reached XP level 14. HP: 135/135 MP: 14/14
 12448 | Orc:2    | Found Odoecem's Book Shop.
 12476 | Orc:1    | Noticed an orc warlord
 12503 | Orc:2    | Killed an orc warlord
 12504 | Orc:2    | Reached skill level 18 in Armour
 12615 | Orc:2    | Found Roph's Antique Armour Emporium.
 12627 | Orc:2    | Found Lucror's Antique Weapon Emporium.
 12860 | Orc:2    | Found Irinop's General Store.
 12986 | Orc:2    | Bought a brightly glowing eveningstar for 720 gold pieces
 12986 | Orc:2    | Identified the +8 eveningstar of Mumua {vamp, Drain rPois
                  | rF+ Stlth+} (You bought it in a shop on level 2 of the
                  | Orcish Mines)
 13035 | Orc:2    | Bought the ring "Hilluut" {rElec rF+ Dex+6} for 969 gold
                  | pieces
 13035 | Orc:2    | Bought 3 scrolls of identify for 102 gold pieces
 13135 | Lair:1   | Entered Level 1 of the Lair of Beasts
 13247 | Lair:1   | Reached skill level 15 in Maces & Flails
 14274 | D:4      | Fell from the grace of Ignis
 14274 | D:4      | Became a worshipper of Warmaster Okawaru
 14599 | Lair:2   | Reached skill level 1 in Invocations
 14720 | Lair:2   | Reached * piety under Okawaru
 14774 | Lair:2   | You are sucked into a shaft and drop 2 floors!
 14812 | Lair:3   | Found a hole to the Spider Nest.
 14828 | Lair:3   | You are sucked into a shaft and drop 2 floors!
 14828 | Lair:5   | Entered Level 5 of the Lair of Beasts
 14891 | Lair:5   | Found a staircase to the Slime Pits.
 14954 | Lair:4   | Reached skill level 5 in Invocations
 14960 | Lair:4   | Reached ** piety under Okawaru
 15024 | Lair:4   | Reached XP level 15. HP: 145/145 MP: 18/18
 15065 | Lair:4   | Reached *** piety under Okawaru
 15196 | Lair:3   | Found a staircase to the Shoals.
 15289 | Lair:3   | Found a frozen archway.
 15312 | Lair:3   | Reached **** piety under Okawaru
 15321 | IceCv    | Entered an ice cave
 15912 | Lair:3   | You are sucked into a shaft and drop 1 floor!
 15912 | Lair:4   | Was forgiven by Ignis
 16056 | Lair:4   | Reached ***** piety under Okawaru
 16299 | Lair:4   | Reached skill level 19 in Armour
 17513 | Lair:5   | Received a gift from Okawaru
 18186 | Lair:2   | Reached skill level 10 in Dodging
 18254 | Lair:2   | Identified the +6 great mace "Eviscerator" {vamp, *Rage
                  | +Blink rElec Int+3} (Okawaru gifted it to you on level 2 of
                  | the Lair of Beasts)
 18254 | Lair:2   | Received a gift from Okawaru
 18420 | Lair:2   | Reached skill level 20 in Armour
 18421 | Lair:2   | Reached XP level 16. HP: 158/158 MP: 20/20
 18520 | Lair:2   | Identified the -1 hat "Bepn" {+Blink Int+3} (Okawaru gifted
                  | it to you on level 2 of the Lair of Beasts)
 18520 | Lair:2   | Received a gift from Okawaru
 18912 | Lair:2   | Found a glowing golden altar of the Shining One.
 19336 | D:13     | Found a hide-covered altar of Uskayaw.
 19565 | D:13     | Found a white marble altar of Elyvilon.
 19688 | D:13     | Identified the +7 short sword "Tokh" {heavy, rC+ Str+3
                  | Int-3}
 20227 | D:14     | Found a gate to the Vaults.
 20400 | D:14     | Noticed Nessos
 20502 | D:14     | Killed Nessos
 20506 | D:14     | Reached skill level 10 in Invocations
 20685 | D:14     | Noticed Azrael
 20690 | D:14     | Reached skill level 1 in Shields
 20706 | D:14     | Killed Azrael
 20821 | D:14     | Found a stormy altar of Qazlal.
 21032 | D:15     | Entered Level 15 of the Dungeon
 21156 | D:15     | Reached skill level 5 in Shields
 21208 | D:15     | Noticed Roxanne
 21224 | D:15     | Received a gift from Okawaru
 21334 | D:15     | Found a staircase to the Depths.
 21759 | D:15     | Reached ****** piety under Okawaru
 21912 | D:15     | Received a gift from Okawaru
 22470 | Elf:1    | Entered Level 1 of the Elven Halls
 22763 | Elf:1    | Reached XP level 17. HP: 164/165 MP: 23/23
 23069 | Elf:1    | Reached skill level 21 in Armour
 23326 | Elf:1    | Found Wyupon's Jewellery Boutique.
 23326 | Elf:1    | Found Ecag's Book Shoppe.
 23327 | Elf:1    | Found Ocayginio's Jewellery Boutique.
 23402 | Elf:1    | Identified the +5 morningstar "Wosiheav" {drain, rC- MP+9
                  | Str+5 Stlth+} (Okawaru gifted it to you on level 1 of the
                  | Elven Halls)
 23402 | Elf:1    | Received a gift from Okawaru
 23996 | Elf:2    | Identified the +0 chain mail of Takous {rPois rCorr Dex+5}
 24205 | Elf:2    | Found a huge runed translucent gate.
 24205 | Elf:2    | Found a huge runed translucent gate.
 24206 | Elf:2    | Found a huge runed translucent gate.
 24211 | Elf:2    | Found a huge runed translucent gate.
 24211 | Elf:2    | Found a huge runed translucent gate.
 24764 | Elf:2    | Noticed a deep elf blademaster
 24779 | Elf:2    | Killed a deep elf blademaster
 25523 | Elf:3    | Entered Level 3 of the Elven Halls
 25536 | Elf:3    | Received a gift from Okawaru
 25553 | Elf:3    | Noticed a Tzitzimitl
 25619 | Elf:2    | Found an ancient bone altar of Kikubaaqudgha.
 25631 | Elf:3    | Noticed a Hell Sentinel
 25838 | Elf:3    | Reached skill level 22 in Armour
 25931 | Elf:3    | Noticed a deep elf blademaster
 25939 | Elf:3    | Killed a deep elf blademaster
 25951 | Elf:3    | Noticed a deep elf master archer
 25955 | Elf:3    | Identified the +0 whip "Wisk" {drain, Stlth+}
 25979 | Elf:3    | Killed a deep elf master archer
 26220 | Elf:3    | Reached XP level 18. HP: 182/182 MP: 24/24
 26232 | Elf:3    | Received a gift from Okawaru
 26234 | Elf:3    | Noticed a Tzitzimitl
 26550 | Elf:3    | Found Yrumutyp's Jewellery Shoppe.
 26558 | Elf:3    | Bought the ring "Galocun" {Will+ Str+2 Int+2 Dex+3} for 700
                  | gold pieces
 26664 | Elf:3    | Identified the +8 double sword of Doom {flame, MP+9}
 26852 | Elf:3    | Identified the +2 robe of the Vanishing Loafs {Int+6 SInv}
 26894 | Abyss:2  | Cast into level 2 of the Abyss (a deep elf demonologist)
 26944 | Abyss:2  | Found a corrupted altar of Lugonu.
 27100 | Abyss:3  | Noticed a lich
 27110 | Abyss:3  | Killed from afar by a lich

Illustrated notes

Levels and vault maps discovered:
D:1:      onia_arrival_zoo_common, layout_basic, serial_shops, shop
D:2:      layout_loops_ring, serial_forest, infiniplex_forest_straight_3,
          infiniplex_forest_lined_room_2, infiniplex_forest_zigzag_1,
          infiniplex_forest_straight_4, infiniplex_forest_clump_long,
          infiniplex_forest_side_room, infiniplex_forest_clump_small,
          basic_altar, uniq_jessica
D:3:      layout_loops_ring, nicolae_gozag_zags_fifth_avenue,
          nicolae_ecumenical_oubliette, uniq_robin
D:4:      layout_cave_pools, mainiacjoe_overflow_24_doors,
          okawaru_metal_pillars_1_2, st_stairs_4
D:5:      layout_basic, general_overflow_altar, mainiacjoe_overflow_boulevard,
          minmay_temple_entry_gardened_gates, serial_shops,
          nicolae_shop_mannequins, uniq_sigmund, uniq_duvessa
D:6:      layout_layer_cave, mainiacjoe_overflow_chevrons, uniq_eustachio,
          uniq_jeremiah, uniq_blork_the_orc
D:7:      layout_basic, lemuel_doored_altar, st_stairs_2
D:8:      layout_basic, enter_bailey_3
D:9:      layout_cave_pods, lemuel_coloured_pillars_altar,
          minmay_orc_entry_guard_dogs, serial_bayou, serial_bayou_lagoon_a,
          serial_bayou_pond_e, serial_bayou_lake_a, serial_bayou_pond_d,
          corexii_leaking_fountain, corner_web_ring
D:10:     layout_small_grid, mainiacjoe_overflow_cross_hatched, kennysheep_mini,
          lair_entry_dummy, enter_trove_1, uniq_snorg
D:11:     layout_stronghold, xom_teletrap_fun, uniq_amaemon
D:12:     layout_gridville, serial_shops, shop, uniq_kirke
D:13:     layout_basic, hangedman_feature_mirror
D:14:     layout_irregular_city, erik_vaults_2,
          nicolae_qazlal_scattered_showers, uniq_nessos, uniq_azrael
D:15:     grunt_enter_depths_snipers, layout_loops_ring, uniq_roxanne
Lair:1:   layout_gridlike
Lair:2:   nzn_winding_woodlands_huge [nzn_winding_woodlands_5x15_longhouse,
          nzn_winding_woodlands_5x15_pool, nzn_winding_woodlands_5x15_cabin,
          nzn_winding_woodlands_5x15_pockets,
          nzn_winding_woodlands_5x15_concentric, nzn_winding_woodlands_5x15_eye,
          nzn_winding_woodlands_5x15_garden, nzn_winding_woodlands_5x15_zeroes,
          nzn_winding_woodlands_5x15_sidewinder,
          nzn_winding_woodlands_5x15_parted,
          nzn_winding_woodlands_center_triple_pond,
          nzn_winding_woodlands_center_garden,
          nzn_winding_woodlands_15x15_killbox], layout_chaotic_city,
          basic_altar, minmay_lair_oklob_items
Lair:3:   layout_cave_shapes, minmay_shoals_entry_beasts, spider_nest_entry_a,
          portal_ice_cave_entry_animals_and_master, evilmike_ambush
          [evilmike_ambush_outer_basic, evilmike_ambush_inner_basic]
Lair:4:   layout_layer_cave, serial_bayou_shore_a, serial_bayou_shore_b,
          grunt_megastairs_2, lemuel_fruit_tree, infiniplex_staircase_pool,
          lemuel_fruit_fields, serial_bayou_shore_b
Lair:5:   hangedman_lair_caniforms_friends, layout_big_grid, slime_entry_1
Orc:1:    layout_diamond_mine, nicolae_volcano_entry_batcave
Orc:2:    grunt_orc_gardens, layout_diamond_mine, grunt_orc_garden,
          grunt_orc_garden, grunt_orc_garden, grunt_orc_garden, uniq_josephine
Elf:1:    nicolae_elf_arrival_no_cutting_in_line, layout_geoelf_grid,
          hangedman_elf_disciples, minmay_shop_grove
Elf:2:    elven_hall_of_blades_hangedman_alternative [mumra_blade_entry_dagger],
          layout_gridlike, grunt_megastairs_4, lemuel_upstairs_altar
Elf:3:    grunt_elf_hall_branching, layout_gridlike, serial_shops, shop,
          hangedman_elf_targeted_burst, grunt_megastairs_5
Abyss:3:  base: D:12, hangedman_decor_peaks_small

Skill      XL: |  1  2  3  4  5  6  7  8  9 10 11 12 13 14 15 16 17 18 |
---------------+-------------------------------------------------------+-----
Maces & Flails | 4 5 6 7 9 10 12 14 16 | 16.0
Armour         | 1 2 3 4 5 7 9 11 13 15 17 18 20 22 | 22.0
Fighting       | 11 12 15 16 18 19 21 | 21.9
Dodging        | 2 7 8 10 11 12 13 | 13.3
Invocations    | 6 7 10 | 10.0
Shields        | 7 |  7.0
Spellcasting   | |  1.0
Fire Magic     | |  2.1

Action                     |  1- 3 |  4- 6 |  7- 9 | 10-12 | 13-15 | 16-18 || total
---------------------------+-------+-------+-------+-------+-------+-------++-------
  Melee: Mace              |    67 |   153 |       |       |       |       ||   220
         Headbutt          |     3 |    24 |    45 |    41 |   331 |   277 ||   721
         Flail             |       |    60 |   328 |   245 |   553 |       ||  1186
         Punch             |       |       |     1 |     2 |    19 |     5 ||    27
         Eveningstar       |       |       |       |       |   859 |  1207 ||  2066
 Invoke: Foxfire Swarm     |       |       |     2 |       |       |       ||     2
         Fiery Armour      |       |       |     1 |       |       |       ||     1
         Heroism           |       |       |       |       |     1 |     4 ||     5
  Evoke: Wand              |       |       |       |     2 |     7 |     1 ||    10
    Use: Potion            |       |     3 |     1 |     4 |     2 |     3 ||    13
         Scroll            |       |       |     9 |     8 |    14 |    10 ||    41
   Stab: Paralysed         |       |       |       |     3 |     3 |     3 ||     9
         Invisible         |       |       |       |       |     7 |       ||     7
         Petrified         |       |       |       |       |     4 |       ||     4
 Armour: Chain mail        |    57 |   127 |   196 |     6 |       |       ||   386
         Plate armour      |       |       |       |   110 |  1117 |   737 ||  1964
  Dodge: Dodged            |    26 |    95 |   121 |    81 |   744 |   474 ||  1541
  Block: Buckler           |       |       |       |       |       |   214 ||   214

Table legend: (Time is in decaauts)
 A = Elapsed time spent in this place.
 B = Non-inter-level travel time spent in this place.
 C = Inter-level travel time spent in this place.
 D = Time resting spent in this place.
 E = Time spent auto-exploring this place.
 F = Levels seen in this place.
 G = Mean time per level.
                   A        B        C        D        E       F      G
               +--------+--------+--------+--------+--------+-----+--------+
         Total |  26362 |  24284 |   2078 |   1608 |  16445 |  30 |  878.7 |
       Dungeon |  13797 |  12542 |   1255 |    668 |   9111 |  15 |  919.8 |
          Lair |   5481 |   4957 |    524 |    136 |   3566 |   5 | 1096.2 |
  Orcish Mines |   1674 |   1455 |    219 |    224 |    673 |   2 |  837.0 |
   Elven Halls |   4206 |   4127 |     79 |    405 |   2655 |   3 | 1402.0 |
         Abyss |    202 |    202 |      0 |     40 |      0 |   2 |  101.0 |
        Bailey |    590 |    590 |      0 |     92 |    192 |   1 |  590.0 |
      Ice Cave |     68 |     68 |      0 |      0 |     25 |   1 |   68.0 |
       Volcano |    340 |    340 |      0 |     43 |    223 |   1 |  340.0 |
               +--------+--------+--------+--------+--------+-----+--------+

Top non-repeatable levels by time:
   Elf:2: 1930 daAuts
  Lair:2: 1608 daAuts
  Lair:4: 1320 daAuts
    D:15: 1212 daAuts
     D:9: 1181 daAuts
   Elf:3: 1140 daAuts
   Elf:1: 1136 daAuts
     D:2: 1091 daAuts
     D:6: 1053 daAuts
  Lair:5: 1050 daAuts
    D:13: 981 daAuts
   Orc:1: 947 daAuts
     D:5: 921 daAuts
     D:8: 907 daAuts
    D:11: 895 daAuts
